 Dungeon Crawl Stone Soup version 0.26.0-10-g1f06aea511 (webtiles) character file.

Game seed: 4015961720486593854

2515 Amaterasu the Cleaver (level 9, -8/86 HPs)
             Began as a Deep Dwarf Fighter on Jan 29, 2021.
             Was a Priest of Makhleb.
             Mangled by a white ugly thing (29 damage)
             ... on level 7 of the Dungeon.
             The game lasted 00:10:00 (5368 turns).

Amaterasu the Cleaver (Deep Dwarf Fighter)          Turns: 5368, Time: 00:10:01

Health: -8/86      AC: 20    Str: 23    XL:     9   Next: 29%
Magic:  10/10      EV:  4    Int:  9    God:    Makhleb [***...]
Gold:   513        SH:  9    Dex: 12    Spells: 8/8 levels left

rFire    . . .     SeeInvis .   a - +0 war axe
rCold    . . .     Faith    .   c - +0 kite shield
rNeg     . . .     Spirit   .   h - +0 plate armour
rPois    .         Reflect  .   (no helmet)
rElec    .         Harm     .   l - +2 cloak {rCorr}
rCorr    +         Rampage  .   (no gloves)
Will     +....                  A - +2 pair of boots
Stlth    ..........             (no amulet)
HPRegen  0.00/turn              (no ring)
MPRegen  0.12/turn              (no ring)

@: non-regenerating, very slow
A: damage resistance, heal wounds, sense surroundings 2, no regeneration
a: Heal Wounds, Renounce Religion, Minor Destruction, Lesser Servant of Makhleb


You were on level 7 of the Dungeon.
You worshipped Makhleb.
Makhleb was most pleased with you.
You visited 2 branches of the dungeon, and saw 8 of its levels.
You also visited: Sewer.

You collected 513 gold pieces.

Inventory:

Hand Weapons
 a - a +0 war axe (weapon)
Missiles
 w - 5 silver javelins
Armour
 c - a +0 kite shield (worn)
 h - a +0 plate armour (worn)
 l - a +2 cloak of preservation (worn)
 m - a +2 scale mail of positive energy
 A - a +2 pair of boots (worn)
Wands
 b - a wand of flame (50)
 s - a wand of paralysis (11)
 x - a wand of iceblast (5)
 y - a wand of polymorph (9)
Scrolls
 e - a scroll of amnesia
 i - 5 scrolls of remove curse
 j - 4 scrolls of teleportation
 o - a scroll of blinking
 p - 2 scrolls of magic mapping
 C - a scroll of silence {unknown}
 D - a scroll of identify
Potions
 d - 3 potions of might
 f - 2 potions of cancellation
 g - a potion of berserk rage
 k - 2 potions of brilliance
 n - a potion of invisibility
 q - a potion of degeneration {unknown}
 r - 3 potions of mutation {unknown}
 t - 2 potions of attraction {unknown}
 u - 9 potions of heal wounds {unknown}
 v - 4 potions of curing {unknown}
 z - a potion of flight {unknown}
 B - a potion of haste {unknown}


   Skills:
 - Level 7.0 Fighting
 * Level 8.1 Axes
 - Level 8.0 Armour
 - Level 3.2 Shields
 - Level 5.0 Invocations


You had 8 spell levels left.
You didn't know any spells.
Your spell library contained the following spells:

 Spells                   Type           Power        Failure   Level
 Confusing Touch          Hex            0%           100%        3
 Gell's Gravitas          Tloc           0%           100%        3
 Petrify                  Tmut/Erth      0%           100%        4
 Metabolic Englaciation   Hex/Ice        0%           100%        5
 Yara's Violent Unravell  Hex/Tmut       0%           100%        5


Dungeon Overview and Level Annotations

Branches:
Dungeon (7/15)             Temple (1/1) D:5           Sewer (visited)

Altars:
Cheibriados
Fedhas
Hepliaklqana
Kikubaaqudgha
Makhleb
Okawaru
Ru
Sif Muna
Trog
Vehumet
Wu Jian
Xom
Yredelemnul


Innate Abilities, Weirdness & Mutations

You are resistant to damage.
You can heal yourself by infusing magical energy.
You passively map the area around you.
You do not regenerate.


Message History

You are too injured to fight recklessly!
You are too injured to fight recklessly!
You are too injured to fight recklessly!
You are too injured to fight recklessly!
You are too injured to fight recklessly!
You are too injured to fight recklessly!
You are too injured to fight recklessly!
You are too injured to fight recklessly!
You are too injured to fight recklessly!
You are too injured to fight recklessly!
You are too injured to fight recklessly!
You are too injured to fight recklessly!
You are too injured to fight recklessly!
You are too injured to fight recklessly!
You are too injured to fight recklessly!
Okay, then.
You feel much better. The white ugly thing claws you!
* * * LOW HITPOINT WARNING * * *
The white ugly thing freezes you!!
You die...

#...# ######.## #.#.###
####..# ########.≈≈≈≈##
#≈≈≈≈.#
#......#.≈##≈≈#####≈##≈≈#
#.≈≈≈≈...≈≈##≈≈≈≈≈≈≈≈##≈≈
#.≈##≈≈≈≈≈≈≈######### ##≈
#.≈≈##≈###### ##
#..≈≈###.#.#.#.. , ,,
##..≈'..@uZ...# ,
##≈≈###)#.#.#.#, * *
#≈≈## ### # , #≈## ≈ ≈≈
############# #≈ ,
≈##≈≈≈≈≈##≈≈≈≈≈ ##
..≈##≈≈..≈##≈≈.##. * *
#≈≈≈≈...≈≈≈≈#.##.
#######..####..#.
#...####...


You could see a white ugly thing and a wyvern skeleton.

Vanquished Creatures
  Sigmund (D:4)
  Edmund (D:4)
  A water moccasin (D:6)
  An ice beast (D:7)
  3 ogres
  An orc warrior (D:7)
  A sky beast (D:5)
  A phantom (D:4)
  A centaur (D:5)
  A necrophage (D:5)
  2 big kobolds
  2 bullfrogs
  2 scorpions (D:4)
  A quasit (D:7)
  A bullfrog zombie (D:5)
  3 hounds
  2 jellies (D:5)
  2 orc priests
  Crazy Yiuf (D:2)
  A centaur skeleton (D:5)
  2 iguanas
  A bullfrog skeleton (D:7)
  3 orc wizards
  4 worker ants
  A killer bee zombie (D:5)
  A hound zombie (D:5)
  A hound skeleton (D:4)
  2 worker ant zombies
  3 gnolls (D:3)
  A howler monkey skeleton (D:5)
  7 adders
  5 river rats
  A shadow imp (D:5)
  3 oozes
  An adder zombie (D:5)
  An adder skeleton (D:5)
  5 worms
  4 dart slugs
  6 leopard geckos
  16 orcs
  4 ball pythons (Sewer)
  4 giant cockroaches
  4 hobgoblins
  10 jackals
  28 kobolds
  4 quokkas
  5 bats
  6 frilled lizards
  8 goblins
  A jackal skeleton (D:7)
  A jackal zombie (D:5)
  A leopard gecko skeleton (D:5)
  A quokka zombie (D:7)
  26 rats
200 creatures vanquished.

Notes
Turn   | Place    | Note
-------+----------+-------------------------------------------
     0 | D:1      | Amaterasu the Deep Dwarf Fighter began the quest for the
                  | Orb.
     0 | D:1      | Reached XP level 1. HP: 20/20 MP: 1/1
    58 | D:1      | Reached XP level 2. HP: 27/27 MP: 2/2
   504 | D:1      | Reached XP level 3. HP: 28/33 MP: 3/3
   590 | D:2      | Found a shimmering altar of Xom.
   905 | D:2      | Found a runed translucent door.
   906 | D:2      | Noticed Crazy Yiuf
  1006 | D:2      | Killed Crazy Yiuf
  1007 | D:2      | Reached XP level 4. HP: 40/40 MP: 2/4
  1058 | D:3      | Reached skill level 5 in Axes
  1897 | D:4      | Reached XP level 5. HP: 37/49 MP: 4/4
  1942 | D:4      | Found a sacrificial altar of Ru.
  2024 | D:4      | Noticed Sigmund
  2036 | D:4      | Killed Sigmund
  2037 | D:4      | Reached skill level 5 in Armour
  2037 | D:4      | Reached XP level 6. HP: 23/57 MP: 5/5
  2128 | D:4      | Noticed Edmund
  2159 | D:4      | Killed Edmund
  2160 | D:4      | Reached skill level 5 in Fighting
  2160 | D:4      | Reached XP level 7. HP: 38/67 MP: 5/5
  2500 | D:4      | Found an ornate altar of the Wu Jian Council.
  2599 | D:5      | Entered Level 5 of the Dungeon
  2810 | D:5      | Reached XP level 8. HP: 36/74 MP: 6/6
  2947 | D:5      | Found a staircase to the Ecumenical Temple.
  2982 | Temple   | Entered the Ecumenical Temple
  3000 | Temple   | Became a worshipper of Makhleb the Destroyer
  3258 | D:5      | Reached skill level 1 in Invocations
  3498 | D:5      | Found a bloodstained altar of Trog.
  3862 | D:6      | Found a glowing drain.
  3905 | Sewer    | Entered a sewer
  3946 | Sewer    | Reached * piety under Makhleb
  4210 | Sewer    | Reached ** piety under Makhleb
  4988 | D:7      | Found an iron altar of Okawaru.
  5044 | D:7      | Gained mutation: You passively map the area around you.
                  | [Deep Dwarf growth]
  5044 | D:7      | Reached XP level 9. HP: 76/85 MP: 9/9
  5269 | D:7      | Found a radiant altar of Vehumet.
  5297 | D:7      | Found an ornate altar of the Wu Jian Council.
  5313 | D:7      | Reached *** piety under Makhleb
  5318 | D:7      | Reached skill level 5 in Invocations
  5357 | D:7      | Noticed a white ugly thing
  5368 | D:7      | Mangled by a white ugly thing

Illustrated notes

Levels and vault maps discovered:
D:1:      dpeg_arrival_pond, layout_rooms, serial_corexii_hall,
          corexii_hall_statues_x, corexii_hall_statues_x
D:2:      layout_basic, lemuel_doored_altar, uniq_crazy_yiuf_cottage
D:3:      layout_loops_ring, serial_rivers, chequers_serial_rivers_large_a,
          chequers_serial_rivers_micro_c, chequers_serial_rivers_marsh,
          chequers_serial_rivers_room_b
D:4:      layout_loops_ring, overflow_temple_1_default,
          pdpol_wu_jian_five_deadly_venoms, minmay_close_crescents, uniq_edmund,
          uniq_sigmund
D:5:      layout_loops_corners, lightli_temple_of_fire, temple_pool_b,
          st_stairs_1, kennysheep_opposing_triangles
D:6:      layout_loops_ring, cheibrodos_sewer_entry_sluice
D:7:      layout_rooms, kennysheep_mini, okawaru_metal_pillars_1_2, basic_altar,
          minmay_misc_feat_alley, minmay_manual_mullet
Temple:   eino_temple_water

Skill      XL: |  1  2  3  4  5  6  7  8  9 |
---------------+----------------------------+-----
Axes           | 3 4 5 7 8 |  8.1
Fighting       | 3 4 5 6 7 |  7.0
Armour         | 4 5 6 7 8 |  8.0
Invocations    | 3 5 |  5.0
Shields        | |  3.2

Action                   |  1- 3 |  4- 6 |  7- 9 || total
-------------------------+-------+-------+-------++-------
Melee: War axe           |   108 |   161 |   435 ||   704
 Abil: Heal Wounds       |       |     2 |     4 ||     6
Evoke: Wand              |       |       |     4 ||     4
  Use: Scroll            |     2 |     7 |     3 ||    12
Armor: Scale mail        |    30 |       |       ||    30
       Plate armour      |    33 |    73 |   328 ||   434
Dodge: Dodged            |    28 |    19 |    70 ||   117
Block: Kite shield       |    56 |    68 |   235 ||   359
